Rang, neutral female gnomish Ranger @ Rang the Lookout Experience level: 5 Strength: 14 Dexterity: 12 Constitution: 14 Intelligence: 14 Wisdom: 13 Charisma: 8 Health: 0(39) Energy: 22(22) Def: 3 Gold: 713 Moves: 2242 Dungeon seed: BPifvnhS21CpElBP Game ID: Rang_1496819179 Your Inventory: Coins $ - 713 gold pieces Weapons a - a +1 dagger (weapon in hand) b - a +1 crossbow (alternate weapon; not wielded) c - 51 blessed +2 crossbow bolts (in quiver) d - 37 +0 crossbow bolts r - a +1 dagger Armor e - an uncursed +3 cloak of displacement (being worn) q - a cursed -2 pair of fumble boots (being worn) y - an uncursed +0 dwarvish cloak Comestibles f - 4 uncursed cram rations h - an uncursed lichen corpse C - an uncursed food ration D - 2 uncursed tripe rations Scrolls H - an uncursed scroll of taming Spellbooks j - an uncursed spellbook of cone of cold Potions x - an uncursed potion of speed A - an uncursed potion of sickness Wands l - a wand of teleportation named no message (0:7) Tools E - an uncursed blindfold Gems z - an uncursed aquamarine stone N - an uncursed worthless piece of yellowish brown glass Spells and supernatural/magical abilities: Name Level Category Fail Memory W - pray for help -- divine ? -- Your skills at the end: Fighting Skills wands [Basic] Weapon Skills dagger [Basic] crossbow [Basic] Spellcasting Skills Final Attributes: You were piously aligned. You fumbled. You had automatic searching. You had infravision. You were displaced. You were swallowed by an ice vortex. You are dead. Vanquished creatures: a housecat an imp 2 rock moles a yellow light a shrieker 3 little dogs a kobold lord a dwarf zombie a wererat an iguana 4 killer bees 3 coyotes 2 hobbits 3 manes 2 giant rats a cave spider a gnome zombie 3 geckos a jackal 2 kobolds 2 goblins a bat 3 lichens a kobold zombie 5 newts 47 creatures vanquished. Voluntary challenges: You used a wielded weapon 26 times, starting on turn 179. You read items or engraved 93 times, starting on turn 1098. You never genocided any monsters. You never polymorphed an object. You never changed form. You used no wishes. You never split a pudding. You wrote Elbereth's name 85 times, starting on turn 1671. You never violated your personal moral code. Dungeon overview: The Dungeons of Doom: levels 1 to 10 Level 1 some altars to Venus a long staircase Level 2 a general store a long staircase Level 3 Level 4 a fountain Level 5 a fountain Level 6 many fountains Level 7 some fountains Level 8 Level 9 Level 10 <- You were here History has recorded: On T:1 you entered the Dungeons of Doom to retrieve the Amulet of Yendor! On T:123 you reached level 2 of The Dungeons of Doom. On T:458 you reached level 3 of The Dungeons of Doom. On T:460 you advanced to experience level 2. On T:599 you reached level 4 of The Dungeons of Doom. On T:712 you advanced to experience level 3. On T:896 you reached level 5 of The Dungeons of Doom. On T:1095 you reached level 6 of The Dungeons of Doom. On T:1182 you advanced to experience level 4. On T:1400 you reached level 7 of The Dungeons of Doom. On T:1530 you reached level 8 of The Dungeons of Doom. On T:1572 you advanced to experience level 5. On T:1818 you reached level 9 of The Dungeons of Doom. On T:1928 you reached level 10 of The Dungeons of Doom. Score breakdown: Gold: 713 ( 9707 points) Experience: 5 levels (11141 points) Exploration: 10 levels ( 20.83%) (13127 points) Discoveries: 6 items ( 1.99%) ( 4228 points) Valuables value: (no points given unless you survive) Artifact value: 0 ( 0 points) Variety of kills: 25 monsters ( 6.53%) ( 7664 points) Turncount: 2242 turns ( -169 points) Survival: died (score multiplied by 80%) Total score: 36558 Latest messages: The ice vortex engulfs you! You hit the ice vortex. (2x) You are freezing to death! You hit the ice vortex. You get expelled! The gecko bites! You kill the gecko! The ice vortex engulfs you! You are freezing to death! (2x) You hit the ice vortex. You get expelled! The ice vortex engulfs you! You hit the ice vortex. You are freezing to death! You hit the ice vortex. You are freezing to death! You hit the ice vortex. You get expelled! You see here a gecko corpse. The ice vortex engulfs you! You are freezing to death! You die... Final status: Goodbye Rang the Ranger, killed by an ice vortex... You died in The Dungeons of Doom on dungeon level 10 with 36558 points, and 713 pieces of gold, after 2242 moves. You were level 5 with a maximum of 39 hit points when you died.